 Dungeon Crawl Stone Soup version 0.21-a0-125-gb006224 (webtiles) character file.

871 tehllama the Digger (level 8, -1/45 HPs)
             Began as a Gargoyle Earth Elementalist on July 14, 2017.
             Killed from afar by Blork the orc (6 damage)
             ... with a puff of flame
             ... on level 4 of the Dungeon on July 15, 2017.
             The game lasted 00:18:05 (4307 turns).

tehllama the Digger (Gargoyle Earth Elementalist)   Turns: 4307, Time: 00:18:05

Health: -1/45      AC:  9    Str: 13    XL:     8   Next: 3%
Magic:  3/14       EV: 12    Int: 17    God:
Gold:   135        SH:  0    Dex: 10    Spells: 7/16 levels left

rFire    . . .     SeeInvis .   A - +1 mace (crush)
rCold    . . .     Gourm    .   (no shield)
rNeg     + . .     Faith    +   c - +0 robe
rPois    ∞         Spirit   .   (no helmet)
rElec    +         Reflect  .   y - +1 cloak {MR+}
rCorr    .         Harm     .   (no gloves)
MR       +....                  (no boots)
Stlth    ++........             B - amulet of faith
HPRegen  0.15/turn              (no ring)
MPRegen  0.14/turn              (no ring)

@: no status effects
A: negative energy resistance 1, electricity resistance, unbreathing,
petrification resistance, rot immunity, AC +5
a: no special abilities


You were on level 4 of the Dungeon.
You were not hungry.

You visited 1 branch of the dungeon, and saw 4 of its levels.

You collected 135 gold pieces.

Inventory:

Hand Weapons
 p - a +2 quarterstaff of chaos
 x - a +0 flail
 A - a +1 mace of crushing (weapon)
Missiles
 b - 53 stones (quivered)
Armour
 c - a +0 robe (worn)
 s - a +0 cloak
 y - a +1 cloak of magic resistance (worn)
 E - a +3 leather armour of poison resistance
Jewellery
 B - an amulet of faith (around neck)
Wands
 w - a wand of acid (7/15)
 D - a wand of paralysis (10/24)
Scrolls
 a - 4 scrolls of remove curse {unknown}
 g - 3 scrolls of identify
 h - 4 scrolls of enchant armour {unknown}
 j - 3 scrolls of teleportation {unknown}
 l - a scroll of recharging {unknown}
 n - a scroll of blinking {unknown}
 C - a scroll of random uselessness {unknown}
Potions
 m - 2 potions of might {unknown}
 o - 2 potions of agility {unknown}
 q - a potion of curing {unknown}
 r - 2 potions of flight {unknown}
 t - 2 potions of heal wounds {unknown}
 u - a potion of degeneration {unknown}
 v - a potion of magic {unknown}
 z - a potion of berserk rage {unknown}
 F - a potion of cancellation {unknown}
Books
 e - a book of Geomancy

   Spells                             Type                      Level
   a - Sandblast                      Earth                        1
   b - Passwall                       Transmutation/Earth          2
   c - Stone Arrow                    Conjuration/Earth            3
   d - Petrify                        Transmutation/Earth          4
   e - Lee's Rapid Deconstruction     Earth                        5
Comestibles
 d - 7 bread rations
 f - 2 fruits
 i - a royal jelly
 k - 2 chunks of flesh


   Skills:
 + Level 2.5 Fighting
 + Level 4.0 Maces & Flails
 + Level 0.9 Armour
 + Level 1.8 Dodging
 - Level 2.1 Stealth
 + Level 4.6 Spellcasting
 + Level 1.3 Conjurations
   Level 0.7 Transmutations
 + Level 6.8 Earth Magic
 + Level 0.6 Evocations


You had 7 spell levels left.
You knew the following spells:

 Your Spells              Type           Power        Failure   Level  Hunger
a - Sandblast             Erth           ####..       1%          1    None
b - Stone Arrow           Conj/Erth      ###...       9%          3    ###....
c - Lee's Rapid Deconstr  Erth           ####......   24%         5    ######.


Dungeon Overview and Level Annotations

Branches:
Dungeon (4/15)
 Temple: D:4-7

Altars:
Cheibriados
Nemelex Xobeh

Annotations:
D:4 Blork the orc, Menkaure


Innate Abilities, Weirdness & Mutations

You are resistant to torment.
Your stone body is resilient. (AC +5)
You are immune to poison.
You resist negative energy. (rN+)
You are resistant to electric shocks. (rElec)
You can survive without breathing.
You are immune to petrification.
You are immune to rotting.


Message History

Confirm with . or Enter, or press ? or * to list all spells.
Aiming: Sandblast
Press: ? - help, Shift-Dir - straight line, f/p - Blork the orc
Aim: Blork the orc, wielding a halberd of chopping and wearing an embroidered robe (almost dead, fast)
The blast of sand hits Blork the orc.
Blork the orc is almost dead.
b - 53 stones Blork the orc gestures wildly while chanting.
Blork the orc flickers and vanishes!
Deactivating autopickup; reactivate with Ctrl-A.
Casting: Sandblast
Confirm with . or Enter, or press ? or * to list all spells.
You can't see any susceptible monsters within range! (Use Z to cast anyway.)
Something completely misses you.
A magic dart appears from out of thin air!
The magic dart hits you!
* * * LOW HITPOINT WARNING * * *
A puff of flame appears from out of thin air!
The puff of flame hits you!
You die...

#######
#.# #.#
#.# #.#
#.# #.#
#.# #.#
..#@#
#.#.#
.<#.#
#.#.#
#.#.#
#.#.#
######.#.#
.........#
######)###


There were no monsters in sight!

Vanquished Creatures
  3 ogres (D:4)
  2 phantoms (D:4)
  4 orc wizards (D:4)
  Crazy Yiuf (D:4)
  Ijyb (D:4)
  A worker ant (D:4)
  Natasha (thrice) (D:4)
  Robin (D:4)
  5 adders
  3 oozes
  2 worms
  6 dart slugs
  2 leopard geckos
  9 orcs
  5 ball pythons
  6 bats
  3 giant cockroaches
  19 goblins
  8 hobgoblins
  2 jackals (D:4)
  9 kobolds
  A frilled lizard (D:2)
  4 rats
100 creatures vanquished.

Notes
Turn   | Place    | Note
-------+----------+-------------------------------------------
     0 | D:1      | tehllama the Gargoyle Earth Elementalist began the quest for the Orb.
     0 | D:1      | Reached XP level 1. HP: 10/10 MP: 3/3
   125 | D:1      | Reached skill level 4 in Earth Magic
   125 | D:1      | Reached XP level 2. HP: 15/15 MP: 1/5
   337 | D:1      | Reached XP level 3. HP: 19/19 MP: 6/6
   342 | D:1      | Learned a level 3 spell: Stone Arrow
  1045 | D:2      | Reached skill level 5 in Earth Magic
  1314 | D:2      | Found a snail-covered altar of Cheibriados.
  1333 | D:2      | Reached XP level 4. HP: 6/24 MP: 6/8
  1580 | D:2      | Reached skill level 1 in Fighting
  1945 | D:2      | Found a sparkling altar of Nemelex Xobeh.
  2401 | D:3      | Reached skill level 1 in Maces & Flails
  2796 | D:3      | Reached XP level 5. HP: 29/29 MP: 9/9
  3011 | D:4      | Found a runed door.
  3069 | D:4      | Noticed Crazy Yiuf
  3073 | D:4      | Killed Crazy Yiuf
  3281 | D:4      | Noticed an ogre
  3283 | D:4      | Noticed a phantom
  3283 | D:4      | Reached XP level 6. HP: 24/35 MP: 7/10
  3466 | D:4      | Killed a phantom
  3466 | D:4      | Reached skill level 6 in Earth Magic
  3466 | D:4      | Reached XP level 7. HP: 40/40 MP: 8/13
  3649 | D:4      | Learned a level 5 spell: Lee's Rapid Deconstruction
  3707 | D:4      | Noticed Ijyb
  3707 | D:4      | Noticed Natasha
  3708 | D:4      | Noticed Menkaure
  3718 | D:4      | Killed Natasha
  3721 | D:4      | Killed Ijyb
  3812 | D:4      | Noticed Natasha
  3815 | D:4      | Killed Natasha
  3861 | D:4      | Noticed Robin
  3887 | D:4      | Killed Robin
  3944 | D:4      | Noticed Natasha
  3945 | D:4      | Killed Natasha
  4037 | D:4      | Reached skill level 1 in Conjurations
  4290 | D:4      | Noticed Blork the orc
  4294 | D:4      | Reached XP level 8. HP: 34/45 MP: 6/14
  4307 | D:4      | Killed from afar by Blork the orc

Vault maps used:
D:1:      shiori_arrival_oz, minivault_14, minmay_surrounded
D:2:      lemuel_doored_altar, cheibriados_altar_1
D:3:      first_bread
D:4:      uniq_blork_the_orc, uniq_ijyb, uniq_natasha, uniq_crazy_yiuf_cottage,
          uniq_menkaure, uniq_robin

Skill      XL: |  1  2  3  4  5  6  7 |
---------------+----------------------+-----
Earth Magic    | 4 5 6 |  6.8
Fighting       | 1 2 |  2.5
Maces & Flails | 1 2 3 4 |  4.0
Spellcasting   | 3 4 |  4.6
Conjurations   | 1 |  1.3
Armour         | |  0.9
Dodging        | |  1.8
Stealth        | |  2.1
Transmutations | |  0.7
Evocations     | |  0.6

Action                   |  1- 3 |  4- 6 |  7- 9 || total
-------------------------+-------+-------+-------++-------
Melee: Dagger            |    10 |       |       ||    10
       Unarmed           |     2 |       |       ||     2
       Club              |    94 |    64 |       ||   158
       Mace              |       |     8 |    16 ||    24
       Flail             |       |    34 |       ||    34
 Cast: Sandblast         |    21 |    30 |    47 ||    98
       Stone Arrow       |       |     7 |     6 ||    13
       Lee's Rapid Decon |       |       |     3 ||     3
  Use: Scroll            |       |     1 |     2 ||     3
 Stab: Sleeping          |     4 |     1 |       ||     5
  Eat: Chunk             |     1 |     8 |     4 ||    13
Armor: Robe              |    40 |    51 |    10 ||   101
Dodge: Dodged            |    73 |    94 |    16 ||   183
